 Dungeon Crawl Stone Soup version 0.32-a0-814-g0968bab981 (webtiles) character file.

Game seed: 2396844066511629790

98 porpoise the Shield-Bearer (level 5, -8/42 HPs)
             Began as a Formicid Fighter on Mar 23, 2024.
             Mangled by an ice beast (11 damage)
             ... on level 3 of the Dungeon.
             The game lasted 00:07:30 (1589 turns).

porpoise the Shield-Bearer (Formicid Fighter)       Turns: 1589, Time: 00:07:31

Health: -8/42      AC:  6    Str: 22    XL:     5   Next: 0%
Magic:  5/5        EV:  8    Int:  8    God:
Gold:   91         SH:  5    Dex: 13    Spells: 4/4 levels left

rFire   . . .        a - +0 war axe
rCold   . . .        c - +0 buckler
rNeg    . . .        b - +0 scale mail
rPois   .            (helmet unavailable)
rElec   .            (no cloak)
rCorr   .            (no gloves)
SInv    +            (no boots)
Will    .....        e - amulet of regeneration Stlth
                     (no ring)
HPRegen 1.07/turn    (no ring)
MPRegen 0.09/turn

%: no passive effects
@: no status effects
A: permanent stasis, dig shafts and tunnels, antennae 3, four strong arms
a: Dig, Shaft Self


You were on level 3 of the Dungeon.
You visited 1 branch of the dungeon, and saw 3 of its levels.

You collected 190 gold pieces.
You spent 99 gold pieces at shops.

Inventory:

Hand Weapons
 a - a +0 war axe (weapon)
Missiles
 k - 14 poisoned darts
Armour
 b - a +0 scale mail (worn)
 c - a +0 buckler (worn)
Jewellery
 e - an amulet of regeneration (around neck)
Scrolls
 m - a scroll of noise {unknown}
 o - a scroll of revelation {unknown}
Potions
 d - 2 potions of might
 f - a potion of magic
 g - 2 potions of curing
 h - a potion of resistance
 j - a potion of lignification
 n - a potion of heal wounds
 p - a potion of haste {unknown}


   Skills:
 + Level 4.0 Fighting
 * Level 3.6 Axes
 - Level 3.2 Armour
 + Level 4.8 Shields


You had 4 spell levels left.
You didn't know any spells.
Your spell library contained the following spells:

 Spells                   Type           Power      Damage    Failure   Level
 Passwall                 Erth           0%         N/A       99%         3
 Volatile Blastmotes      Fire/Tloc      0%         2d10      99%         3
 Bombard                  Conj/Erth      0%         9d1       100%        6


Dungeon Overview and Level Annotations

Branches:
Dungeon (3/15)

Altars:
Ashenzari

Shops:
D:2 !


Innate Abilities, Weirdness & Mutations

You cannot be hasted, slowed, berserked, paralysed or teleported.
You can dig through walls and to a lower floor.
You have a pair of large antennae on your head. (SInv)
Your four strong arms can wield two-handed weapons with a shield.


Message History

You completely miss the ribbon worm.
The ribbon worm is moderately wounded.
The ribbon worm barely misses you.
You slash the ribbon worm!
The ribbon worm is almost dead.
The ribbon worm expels a string of sticky webbing.
The stream of webbing hits you but does no damage.
You are caught in a web!
The web tears apart.
The ribbon worm bites you but does no damage.
You hit the ribbon worm.
The ribbon worm is almost dead.
The ribbon worm bites you but does no damage.
You slash the ribbon worm!
You kill the ribbon worm!
The ice beast hits you. The ice beast freezes you.
You have reached level 5!
You hit the ice beast.
The ice beast is lightly wounded.
The ice beast hits you but does no damage.
You hit the ice beast but do no damage.
The ice beast is lightly wounded.
The ice beast hits you. The ice beast freezes you!
You closely miss the ice beast.
The ice beast is lightly wounded.
The ice beast hits you but does no damage.
The ice beast misses you.
You closely miss the ice beast.
The ice beast is lightly wounded.
The ice beast hits you. The ice beast freezes you!
You barely miss the ice beast.
The ice beast is lightly wounded.
The ice beast hits you. The ice beast freezes you!
* * * LOW HITPOINT WARNING * * *
You hit the ice beast but do no damage.
The ice beast is lightly wounded.
The ice beast hits you.
* * * LOW HITPOINT WARNING * * *
The ice beast freezes you!
You die...

#.# # #.# #. #(#
... #.# ....
##.# ..... ##..#
......####...###
......'Y@......#
......####...#.#
..... ##.##.###
.... #.......###
... #.#####...#
#+ #.# #.#.# #)#
#.#.# #.# #.#.#
#.#####.#.#


You could see an ice beast.

Vanquished Creatures
  4 adders
  A dart slug (D:2)
  3 ribbon worms
  7 ball pythons
  8 bats
  5 endoplasms
  3 giant cockroaches
  3 goblins
  4 hobgoblins (D:1)
  5 frilled lizards
  5 kobolds
  6 rats
54 creatures vanquished.

Notes
Turn   | Place    | Note
-------+----------+-------------------------------------------
     0 | D:1      | porpoise the Formicid Fighter began the quest for the Orb.
     0 | D:1      | Reached XP level 1. HP: 18/18 MP: 1/1
   159 | D:1      | Reached XP level 2. HP: 24/24 MP: 2/2
   354 | D:1      | Reached XP level 3. HP: 25/29 MP: 3/3
   795 | D:2      | Found Ythe's Distillery.
   813 | D:2      | Reached XP level 4. HP: 37/37 MP: 4/4
   936 | D:2      | Bought a potion of degeneration for 11 gold pieces
   936 | D:2      | Bought a potion of heal wounds for 55 gold pieces
   936 | D:2      | Bought a potion of curing for 33 gold pieces
  1500 | D:3      | Found a broken altar of Ashenzari.
  1570 | D:3      | Noticed an ice beast
  1584 | D:3      | Reached XP level 5. HP: 33/42 MP: 5/5
  1589 | D:3      | Mangled by an ice beast

Illustrated notes

Levels and vault maps discovered:
D:1:      sevenhm_arrival_forest_fort_large_2, layout_basic, serial_bayou_ford_a
D:2:      layout_loops_ring, serial_shops, shop, minmay_nonomino_d4
D:3:      layout_loops_corners, mainiacjoe_overflow_24_doors,
          lightli_corner_chamber

Skill      XL: |  1  2  3  4 |
---------------+-------------+-----
Axes           | 3 |  3.6
Fighting       | 4 |  4.0
Armour         | |  3.2
Shields        | |  4.8

Action                     |  1- 3 |  4- 6 || total
---------------------------+-------+-------++-------
  Melee: War axe           |    92 |    62 ||   154
    Use: Scroll            |       |     4 ||     4
 Armour: Scale mail        |    75 |    46 ||   121
  Dodge: Dodged            |    34 |    23 ||    57
  Block: Buckler           |    23 |    16 ||    39

Table legend: (Time is in decaauts)
 A = Elapsed time spent in this place.
 B = Non-inter-level travel time spent in this place.
 C = Inter-level travel time spent in this place.
 D = Time resting spent in this place.
 E = Time spent auto-exploring this place.
 F = Levels seen in this place.
 G = Mean time per level.
                   A        B        C        D        E       F      G
               +--------+--------+--------+--------+--------+-----+--------+
         Total |   1660 |   1625 |     35 |    107 |   1067 |   3 |  553.3 |
       Dungeon |   1660 |   1625 |     35 |    107 |   1067 |   3 |  553.3 |
               +--------+--------+--------+--------+--------+-----+--------+

Top non-repeatable levels by time:
     D:2: 829 daAuts
     D:1: 638 daAuts
     D:3: 192 daAuts
